 Seeded DCSS version 0.30-a0-373-gd37427bb62 (webtiles) character file.

Game seed: 16224117804275112263 (custom seed)

11 flotson the Sneak (level 2, -3/24 HPs)
             Began as a Demonspawn Delver on Nov 24, 2022.
             Killed from afar by a white imp (8 damage)
             ... with a puff of frost
             ... on level 5 of the Dungeon.
             The game lasted 00:00:51 (110 turns).

flotson the Sneak (Demonspawn Delver)                Turns: 110, Time: 00:00:51

Health: -3/24      AC: 11    Str: 12    XL:     2   Next: 17%
Magic:  11/11      EV:  9    Int: 11    God:
Gold:   10         SH:  0    Dex: 14    Spells: 1/1 levels left

rFire   . . .      SeeInvis +    a - +0 spear
rCold   . . .      Faith    .    (no shield)
rNeg    + . .      Spirit   .    f - +5 scale mail of Mumblety Peg {rN+ MP+9 SInv}
rPois   .          Reflect  .    (no helmet)
rElec   .          Harm     .    (no cloak)
rCorr   .          Rampage  .    (no gloves)
Will    +....                    (no boots)
Stlth   +.........               (no amulet)
HPRegen 0.24/turn                b - ring of willpower
MPRegen 0.24/turn                (no ring)

@: no status effects
A: magic regeneration
a: no special abilities


You were on level 5 of the Dungeon.
You visited 1 branch of the dungeon, and saw 2 of its levels.

You collected 10 gold pieces.

Inventory:

Hand Weapons
 a - a +0 spear (weapon)
Armour
 f - the +5 scale mail of Mumblety Peg (worn) {rN+ MP+9 SInv}
   (You found it on level 5 of the Dungeon)

   rN:        It protects you from negative energy.
   MP:        It affects your magic capacity (+9).
   SInv:      It lets you see invisible.
Jewellery
 b - a ring of willpower (left hand)
Wands
 g - a wand of digging (3)
Scrolls
 c - a scroll of fog
 d - a scroll of magic mapping


   Skills:
 + Level 3.1 Fighting
 - Level 1.7 Polearms
 + Level 0.5 Armour
 + Level 2.0 Dodging
 - Level 4.5 Stealth
 + Level 0.7 Evocations


You had one spell level left.
You didn't know any spells.
Your spell library was empty.

Dungeon Overview and Level Annotations

Branches:
Dungeon (5/15)
 Temple: D:4-7

Altars:


Innate Abilities, Weirdness & Mutations

You regenerate magic rapidly.


Message History

The goblin shouts! x4; You hear a shout! x4
There is a stone staircase leading down here.
You feel yourself slow down.
You climb downwards.
There is a stone staircase leading up here.
The goblin attacks as you move away! The goblin hits you but does no damage.
The white imp shouts, "Leave, thou bootless tickle-brained pimple!"
The goblin hits you with a +0 club.
* * * LOW HITPOINT WARNING * * *
The goblin attacks as you move away! The goblin barely misses you.
The white imp laughs crazily.
You see here 15 gold pieces.
The white imp disappears for a moment.
The goblin attacks as you move away! The goblin hits you but does no damage.
The goblin attacks as you move away! The goblin barely misses you.
Found a scale mail and a murky clear potion.
As you read the scroll of fear, it crumbles to dust.
You assume a fearsome visage.
The white imp looks frightened!
The orc looks frightened!
The goblin looks frightened!
Cornered, the white imp turns to fight!
Found 11 gold pieces.
Found a scroll of fear.
There is a stone staircase leading up here.
You climb upwards.
The orc wizard shouts!
The orc shouts!
The orc wizard shouts!
The orc wizard gestures at you while chanting.
The magic dart hits you but does no damage.
Found 3 scrolls labelled CATZUORU IJOXZIM.
There is a stone staircase leading down here.
The orc shouts!
You climb downwards.
There is a stone staircase leading up here.
The white imp gestures at you. The puff of frost hits you!
* * * LOW HITPOINT WARNING * * *
The white imp gestures at you. The puff of frost misses you.
The white imp gestures at you. The puff of frost hits you!
You die...

#..##..#.# #.# ##...# ...
5.. ##..####... .# .#
.#######...#.......###..
.........#.#..# ......
#.......##...# ....##..#
#.....†......# ........#
###..........#####..# ...#
#.......[.......@..###$?..
#..<............†...#.....
#.........#......#...$...#
..........###.##.........#
#.........###.##.........#
#..............5.#<#......
..........###.##.#....#...
#.$.......# #.#..#?..## ..
#.........# #.#........ .


You could see a white imp.

Vanquished Creatures
  An adder (D:5)
  A dart slug (D:5)
2 creatures vanquished.

Notes
Turn   | Place    | Note
-------+----------+-------------------------------------------
     0 | D:5      | flotson the Demonspawn Delver began the quest for the Orb.
     0 | D:5      | Reached XP level 1. HP: 18/18 MP: 1/1
    21 | D:5      | Gained mutation: You regenerate magic rapidly. [demonic
                  | ancestry]
    21 | D:5      | Reached XP level 2. HP: 13/24 MP: 2/2
    23 | D:5      | Identified the +5 scale mail of Mumblety Peg {rN+ MP+9
                  | SInv}
   104 | D:4      | Noticed a scorpion
   110 | D:5      | Killed from afar by a white imp

Illustrated notes

Levels and vault maps discovered:
D:4:      layout_rooms, nicolae_overflow_squiral, lemuel_doored_altar,
          serial_shops, nicolae_shop_overgrown_old_shop, uniq_robin
D:5:      layout_rooms, kennysheep_little_box, minmay_holes

Skill      XL: |  1 |
---------------+----+-----
Dodging        | 2 |  2.0
Fighting       | |  3.1
Polearms       | |  1.7
Armour         | |  0.5
Stealth        | |  4.5
Evocations     | |  0.7

Action                   || total
-------------------------++-------
Melee: Spear             ||    15
  Use: Potion            ||     1
       Scroll            ||     1
Armor: Leather armour    ||     2
       Scale mail        ||     4
Dodge: Dodged            ||     7

Table legend: (Time is in decaauts)
 A = Elapsed time spent in this place.
 B = Non-inter-level travel time spent in this place.
 C = Inter-level travel time spent in this place.
 D = Time resting spent in this place.
 E = Time spent auto-exploring this place.
 F = Levels seen in this place.
 G = Mean time per level.
                   A        B        C        D        E       F      G
               +--------+--------+--------+--------+--------+-----+--------+
         Total |     90 |     90 |      0 |      0 |      0 |   2 |   45.0 |
       Dungeon |     90 |     90 |      0 |      0 |      0 |   2 |   45.0 |
               +--------+--------+--------+--------+--------+-----+--------+

Top non-repeatable levels by time:
     D:5: 87 daAuts
     D:4: 2 daAuts
